 Dungeon Crawl Stone Soup version 0.31-a0-202-g547052bce9 (webtiles) character file.

Game seed: 5794643937031556488

15 qw the Shooter (level 2, -3/16 HPs)
             Began as a Deep Elf Hunter on June 26, 2023.
             Slain by a gnoll
             ... wielding a +0 flail
              (9 damage)
             ... on level 1 of the Dungeon.
             The game lasted 00:00:10 (739 turns).

qw the Shooter (Deep Elf Hunter)                     Turns: 739, Time: 00:00:11

Health: -3/16      AC:  5    Str:  8    XL:     2   Next: 34%
Magic:  4/4        EV: 12    Int: 13    God:
Gold:   38         SH:  0    Dex: 18    Spells: 1/1 levels left

rFire   . . .        Y - +0 shortbow
rCold   . . .        (shield currently unavailable)
rNeg    . . .        g - +2 leather armour {Will+}
rPois   .            (no helmet)
rElec   .            (no cloak)
rCorr   .            (no gloves)
SInv    .            (no boots)
Will    +....        (no amulet)
Stlth   ++           (no ring)
HPRegen 0.22/turn    (no ring)
MPRegen 0.09/turn

%: no passive effects
@: no status effects
A: no striking features
a: no special abilities


You were on level 1 of the Dungeon.
You visited 1 branch of the dungeon, and saw 2 of its levels.

You collected 38 gold pieces.


   Skills:
 - Level 1.5 Fighting
 + Level 6.2 Ranged Weapons
 - Level 2.4 Dodging
 - Level 1.2 Stealth


You had one spell level left.
You didn't know any spells.
Your spell library was empty.

Inventory:

Hand Weapons
 Y - a +0 shortbow (weapon)
Armour
 g - a +2 leather armour of willpower (worn)
 i - a +0 ring mail
Potions
 e - a potion of heal wounds {unknown}
 f - a potion of haste {unknown}

Dungeon Overview and Level Annotations

Branches:
Dungeon (2/15)

Altars:


Message History

705 ||| READING scroll labelled YWITRU ZAYMOKECI.
As you read the scroll labelled YWITRU ZAYMOKECI, it crumbles to dust.
It is a scroll of identify.
Really abort (and waste the scroll)?
Done exploring.
706 ||| DROPPING scroll of butterflies.
You drop a scroll of butterflies.
Done exploring.
(D) Dungeon
Where to? (* - list waypoints, ? - help)
What level of the Dungeon? (default 1, ? - help)
There is a stone staircase leading down here.
You climb downwards.
The gnoll shouts!
Found 4 gold pieces.
There is a stone staircase leading up here.
There are monsters nearby!
Waypoint 1 assigned to D:2.
You shoot an arrow. The arrow completely misses the gnoll.
You shoot an arrow. The arrow hits the gnoll.
The gnoll is moderately wounded.
The gnoll misses you.
You shoot an arrow. The arrow completely misses the gnoll.
The arrow hits the gnoll.
The gnoll is lightly wounded.
The gnoll barely misses you. x3
You shoot an arrow. The arrow hits the gnoll.
The gnoll is moderately wounded.
The gnoll misses you. The gnoll closely misses you.
The gnoll hits you from afar with a +0 halberd.
737 ||| STAIRDANCE The gnoll hits you with a +0 club.
The gnoll hits you with a +0 flail. The gnoll misses you.
You climb upwards.
There is a stone staircase leading down here.
Enter note:
Enter note: You shoot an arrow.
The arrow barely misses the gnoll.
The gnoll hits you with a +0 flail!
Ouch! That really hurt!
You die...

####### ##.#
......# #.#
#####.# #.#
#.# #.# #.#
#.# #.# #.#
#####(# #.#
#.....# #g#
#.##### #@#
#.# #g# #.#
#.#
#.##########
#.#
#..........#
##.##
##########.#
##...## ##
#.# #.....#
.# #.#
#.....# .#
#.# #.....#


You could see 2 gnolls.

Vanquished Creatures
  A dart slug (D:1)
  A giant cockroach (D:1)
  3 hobgoblins (D:1)
  2 kobolds (D:1)
  4 ball pythons (D:1)
  A bat (D:1)
  A rat (D:1)
13 creatures vanquished.

Notes
Turn   | Place    | Note
-------+----------+-------------------------------------------
     0 | D:1      | qw the Deep Elf Hunter began the quest for the Orb.
     0 | D:1      | Reached XP level 1. HP: 12/12 MP: 3/3
     0 | D:1      | 0 ||| qw: Version: 0.3-a-22-g0ed2b0b
     0 | D:1      | 0 ||| qw: Game counter: 5772
     0 | D:1      | 0 ||| qw: Melee chars always use a shield: true
     0 | D:1      | 0 ||| qw: God list: Okawaru
     0 | D:1      | 0 ||| qw: Allow faded altars: false
     0 | D:1      | 0 ||| qw: Do Orc after clearing Dungeon:15 true
     0 | D:1      | 0 ||| qw: Do second Lair branch before Depths: true
     0 | D:1      | 0 ||| qw: Lair rune preference: random
     0 | D:1      | 0 ||| qw: Goals: Normal
     0 | D:1      | 0 ||| PLANNING D:1-11
   271 | D:1      | Reached XP level 2. HP: 16/16 MP: 4/4
   294 | D:1      | Reached skill level 6 in Ranged Weapons
   693 | D:1      | 693 ||| UPGRADING to +2 leather armour of willpower.
   703 | D:1      | 703 ||| DROPPING +0 leather armour.
   704 | D:1      | 704 ||| READING scroll labelled XYTINL EPLEIFUAGEA.
   705 | D:1      | 705 ||| READING scroll labelled YWITRU ZAYMOKECI.
   706 | D:1      | 706 ||| DROPPING scroll of butterflies.
   737 | D:2      | 737 ||| STAIRDANCE
   739 | D:1      | Slain by a gnoll

Levels and vault maps discovered:
D:1:      grunt_arrival_crossed_arrows, layout_loops_ring
D:2:      minmay_diamond_boxcup, layout_rooms, ebering_ecumenical_altar_box,
          kennysheep_cross_bottleneck, chequers_serial_rivers_room_a

Skill      XL: |  1  2 |
---------------+-------+-----
Ranged Weapons | 6 |  6.2
Fighting       | |  1.5
Dodging        | |  2.4
Stealth        | |  1.2

Action                     || total
---------------------------++-------
   Fire: Shortbow          ||    35
    Use: Scroll            ||     2
 Armour: Leather armour    ||     1
  Dodge: Dodged            ||    12

Table legend:
 A = Non-vault XP
 B = Vault XP
 C = Vault XP percentage of total XP
 D = Non-vault monster count
 E = Vault monster count
 F = Vault count percentage of total count
                 A         B        C        D         E       F
            +---------+---------+-------+---------+---------+-------
      Total |      22 |       0 |   0.0 |      13 |       0 |   0.0
            +---------+---------+-------+---------+---------+-------
        D:1 |      22 |       0 |   0.0 |      13 |       0 |   0.0
            +---------+---------+-------+---------+---------+-------
